 Dungeon Crawl Stone Soup version 0.26.1-10-gdfb7c7de75 (webtiles) character file.

Game seed: 15777469262159173793

5849 Almogavar the Spear-Bearer (level 10, -5/80 HPs)
             Began as a Merfolk Gladiator on Apr 9, 2021.
             Was a Priest of Okawaru.
             Slain by a death yak (23 damage)
             ... on level 8 of the Dungeon.
             The game lasted 00:26:16 (8407 turns).

Almogavar the Spear-Bearer (Merfolk Gladiator)      Turns: 8407, Time: 00:26:16

Health: -5/80      AC: 17    Str: 15    XL:     10   Next: 80%
Magic:  10/10      EV: 17    Int:  7    God:    Okawaru [***...]
Gold:   389        SH:  0    Dex: 25    Spells: 9/9 levels left

rFire    . . .     SeeInvis .   a - +0 trident
rCold    . . .     Faith    .   (no shield)
rNeg     . . .     Spirit   .   e - +0 ring mail
rPois    .         Reflect  .   F - +2 helmet
rElec    .         Harm     .   E - +2 cloak {rCorr}
rCorr    +         Rampage  .   (no gloves)
Will     .....                  q - +0 pair of boots
Stlth    +++.......             u - amulet of regeneration
HPRegen  0.63/turn              j - +4 ring of protection
MPRegen  0.12/turn              K - +6 ring of dexterity

@: no status effects
A: change form in water, swift swim, stealthy swim
a: Renounce Religion, Heroism


You were on level 8 of the Dungeon.
You worshipped Okawaru.
Okawaru was most pleased with you.
You visited 2 branches of the dungeon, and saw 9 of its levels.
You also visited: Sewer.

You collected 519 gold pieces.
You spent 130 gold pieces at shops.

Inventory:

Hand Weapons
 a - a +0 trident (weapon)
 A - the +7 hunting sling of Geluat {vorpal, rElec Dex+2}
   (You found it on level 4 of the Dungeon)

   Any stone fired from it inflicts extra damage.
   It affects your dexterity (+2).
   It insulates you from electricity.
Missiles
 b - 23 sling bullets
 d - 4 throwing nets (quivered)
 m - 19 poisoned darts
 D - 241 stones
Armour
 c - a +0 kite shield
 e - a +0 ring mail (worn)
 q - a +0 pair of boots (worn)
 E - a +2 cloak of preservation (worn)
 F - a +2 helmet (worn)
Jewellery
 j - a +4 ring of protection (left hand)
 u - an amulet of regeneration (around neck)
 J - an uncursed ring of poison resistance
 K - a +6 ring of dexterity (right hand)
Wands
 s - a wand of polymorph (23)
 y - a wand of flame (8)
 G - a wand of acid (3)
Scrolls
 f - 7 scrolls of teleportation
 g - 2 scrolls of enchant weapon
 h - 3 scrolls of magic mapping {unknown}
 i - 3 scrolls of fear
 p - 2 scrolls of amnesia
 t - 6 scrolls of remove curse
 v - 3 scrolls of blinking
 I - 2 scrolls of immolation {unknown}
Potions
 k - 4 potions of curing
 l - a potion of magic
 n - 2 potions of berserk rage {unknown}
 o - 3 potions of invisibility
 r - a potion of haste {unknown}
 w - a potion of ambrosia
 x - a potion of flight
 z - 3 potions of lignification {unknown}
 B - 4 potions of brilliance
 H - 2 potions of heal wounds
 L - a potion of might {unknown}
 M - a potion of mutation {unknown}


   Skills:
 + Level 7.7 Fighting
 + Level 14.3 Polearms
 + Level 4.7 Throwing
 + Level 4.6 Armour
 + Level 7.6 Dodging
 + Level 5.1 Stealth
 + Level 0.4 Invocations
 + Level 0.1 Evocations


You had 9 spell levels left.
You didn't know any spells.
Your spell library contained the following spells:

 Spells                   Type           Power        Failure   Level
 Beastly Appendage        Tmut           0%           65%         1
 Freeze                   Ice            0%           65%         1
 Magic Dart               Conj           0%           65%         1
 Searing Ray              Conj           0%           78%         2
 Wereblood                Tmut           0%           78%         2
 Dazzling Flash           Conj/Hex       0%           95%         3
 Frozen Ramparts          Ice            0%           95%         3
 Ozocubu's Armour         Ice            0%           95%         3
 Spider Form              Tmut/Pois      0%           95%         3
 Fulminant Prism          Conj/Hex       0%           100%        4
 Hailstorm                Conj/Ice       0%           100%        4
 Ice Form                 Ice/Tmut       0%           100%        4
 Iskenderun's Mystic Bla  Conj/Tloc      0%           100%        4
 Summon Ice Beast         Ice/Summ       0%           100%        4
 Blade Hands              Tmut           0%           100%        5


Dungeon Overview and Level Annotations

Branches:
Dungeon (8/15)             Temple (1/1) D:6            Lair (0/6) D:8
  Sewer (visited)

Altars:
Cheibriados
Fedhas
Makhleb
Okawaru
Qazlal
Ru
Trog
Vehumet
Wu Jian

Shops:
D:7 !


Message History

You hit the death yak.
The death yak is almost dead.
You hit the death yak.
The death yak is almost dead.
The death yak misses you.
You hit the death yak but do no damage.
The death yak is almost dead.
The death yak misses you.
You hit the death yak.
The death yak is almost dead.
You barely miss the death yak.
The death yak is almost dead.
The death yak gores you!
* * * LOW HITPOINT WARNING * * *
You hit the death yak but do no damage.
The death yak is almost dead.
You barely miss the death yak.
The death yak is almost dead.
The death yak gores you!!
You die...

###########†##############.###
.............................##
#<.............###########....#
######.####.##.###### ###..# #
#.........# #..# ##.##.####.#
#..# #...#.# #.# #..#
#.#.#..####.# #..#
#.......Y@...# #..# #
.#.#..###### ######..### ...#.#
#.......... ##.##.# #.#####.##.
#.#####.##. ##....##.##.
###......#.##. ..........##.
##......####.


You could see a death yak.

Vanquished Creatures
  A two-headed ogre (D:8)
  A death yak (D:7)
  Grinder (D:3)
  3 yaks (D:6)
  Menkaure (D:5)
  3 water moccasins
  2 orc warriors
  An ice beast (D:8)
  4 black bears
  2 sky beasts (D:5)
  2 phantoms
  5 ogres
  A necrophage (D:7)
  A centaur (D:8)
  5 bullfrogs
  A wyvern zombie (D:7)
  3 scorpions
  5 killer bees (D:8)
  3 wights (D:8)
  A bullfrog skeleton (D:8)
  7 orc priests
  Crazy Yiuf (D:4)
  A centaur skeleton (D:6)
  A hound (D:5)
  An orc wizard (D:7)
  2 gnoll shamans (D:7)
  An iguana (D:6)
  4 worker ants
  3 hell rats (D:8)
  Robin (D:2)
  12 gnolls
  11 river rats
  6 adders
  A shadow imp (D:7)
  An ufetubus (D:8)
  3 oozes
  A worm (D:2)
  2 dart slugs
  9 leopard geckos
  16 orcs
  5 bats
  12 giant cockroaches
  16 goblins
  9 hobgoblins
  17 jackals
  10 quokkas
  5 frilled lizards
  9 kobolds
  29 rats
242 creatures vanquished.

Vanquished Creatures (others)
  3 plants (D:2)
3 creatures vanquished.

Grand Total: 245 creatures vanquished

Notes
Turn   | Place    | Note
-------+----------+-------------------------------------------
     0 | D:1      | Almogavar the Merfolk Gladiator began the quest for the
                  | Orb.
     0 | D:1      | Reached XP level 1. HP: 16/16 MP: 1/1
    69 | D:1      | Reached XP level 2. HP: 22/23 MP: 2/2
   492 | D:1      | Reached skill level 5 in Polearms
   552 | D:1      | Reached XP level 3. HP: 4/28 MP: 3/3
  1207 | D:1      | Reached XP level 4. HP: 34/34 MP: 4/4
  1563 | D:2      | Found a bloodstained altar of Trog.
  1661 | D:2      | Reached skill level 6 in Polearms
  1670 | D:2      | Noticed Robin
  1692 | D:2      | Killed Robin
  1693 | D:2      | Reached skill level 5 in Dodging
  2035 | D:2      | Reached XP level 5. HP: 41/41 MP: 5/5
  2464 | D:3      | Found an ornate altar of the Wu Jian Council.
  2703 | D:3      | Noticed Grinder
  2723 | D:3      | Paralysed by Grinder for 2 turns
  2725 | D:3      | Killed Grinder
  2726 | D:3      | Reached skill level 8 in Polearms
  2726 | D:3      | Reached skill level 1 in Armour
  2726 | D:3      | Reached XP level 6. HP: 43/48 MP: 6/6
  3157 | D:4      | Got a brightly glowing hunting sling
  3158 | D:4      | Identified the +7 hunting sling of Geluat {vorpal, rElec
                  | Dex+2} (You found it on level 4 of the Dungeon)
  3334 | D:4      | Reached XP level 7. HP: 54/54 MP: 7/7
  3529 | D:4      | Found a runed translucent door.
  3530 | D:4      | Noticed Crazy Yiuf
  3816 | D:4      | Killed Crazy Yiuf
  3817 | D:4      | Reached skill level 9 in Polearms
  3857 | D:5      | Entered Level 5 of the Dungeon
  3946 | D:5      | Reached skill level 10 in Polearms
  3946 | D:5      | Reached XP level 8. HP: 45/61 MP: 8/8
  4123 | D:5      | Reached skill level 5 in Fighting
  4123 | D:5      | Reached skill level 1 in Stealth
  4532 | D:5      | Noticed Menkaure
  4543 | D:5      | Killed Menkaure
  4780 | D:6      | Found a staircase to the Ecumenical Temple.
  4786 | Temple   | Entered the Ecumenical Temple
  4810 | Temple   | Reached skill level 11 in Polearms
  4917 | Temple   | Became a worshipper of Warmaster Okawaru
  5011 | D:6      | Noticed a yak
  5013 | D:6      | Noticed a yak
  5015 | D:6      | Noticed a yak
  5033 | D:6      | Killed a yak
  5034 | D:6      | Reached XP level 9. HP: 26/68 MP: 9/9
  5046 | D:6      | Reached * piety under Okawaru
  5269 | D:6      | Found a glowing drain.
  5278 | Sewer    | Entered a sewer
  5622 | D:6      | Found a blossoming altar of Fedhas.
  5897 | D:6      | Reached skill level 12 in Polearms
  6467 | D:7      | Found Jeteriek's Distillery.
  6479 | D:7      | Bought a potion of heal wounds for 65 gold pieces
  6479 | D:7      | Bought a potion of heal wounds for 65 gold pieces
  6708 | D:7      | Reached skill level 13 in Polearms
  6936 | D:7      | Reached ** piety under Okawaru
  6937 | D:7      | Reached XP level 10. HP: 53/77 MP: 10/10
  7554 | D:8      | Found a staircase to the Lair.
  7557 | D:8      | Noticed a death yak
  7557 | D:8      | Noticed a death yak
  7557 | D:8      | Noticed a death yak
  7650 | D:7      | Killed a death yak
  7760 | D:8      | Noticed a two-headed ogre
  7780 | D:8      | Killed a two-headed ogre
  7780 | D:8      | Reached *** piety under Okawaru
  7781 | D:8      | Reached skill level 14 in Polearms
  8304 | D:8      | Reached skill level 5 in Stealth
  8407 | D:8      | Slain by a death yak

Illustrated notes

Levels and vault maps discovered:
D:1:      dpeg_arrival_subterranean_lakeside_camping, layout_loops_ring,
          minmay_cupped
D:2:      layout_rooms, lemuel_coloured_pillars_altar, serial_forest,
          infiniplex_forest_clump_medium, infiniplex_forest_lined_2,
          infiniplex_forest_diagonal, infiniplex_forest_end_1,
          infiniplex_forest_end_1, infiniplex_forest_straight_1, uniq_robin
D:3:      layout_basic, nicolae_overflow_hidden_temple, minivault_23,
          uniq_grinder
D:4:      layout_loops_ring, uniq_crazy_yiuf_cottage
D:5:      layout_gridville, hex_tiny, uniq_menkaure
D:6:      lemuel_ratsnest, layout_rooms, minmay_temple_entry_sparse_star,
          gup_sewer_entry_bubbles, basic_altar
D:7:      layout_basic, serial_shops, shop, grunt_ogre_cave
D:8:      layout_loops_ring, dpeg_lair_monsters
Temple:   dpeg_five_rooms_temple

Skill      XL: |  1  2  3  4  5  6  7  8  9 10 |
---------------+-------------------------------+-----
Polearms       | 5 6 8 10 11 13 14 | 14.3
Fighting       | 3 4 5 6 7 |  7.7
Dodging        | 5 6 7 |  7.6
Armour         | 1 2 3 4 |  4.6
Stealth        | 2 5 |  5.1
Throwing       | 3 4 |  4.7
Invocations    | |  0.4
Evocations     | |  0.1

Action                   |  1- 3 |  4- 6 |  7- 9 | 10-12 || total
-------------------------+-------+-------+-------+-------++-------
Melee: Trident           |   122 |   206 |   536 |   267 ||  1131
       Tailslap          |     1 |       |     5 |       ||     6
       Punch             |       |       |       |     2 ||     2
Throw: Throwing net      |     2 |       |       |     1 ||     3
       Boomerang         |       |       |    58 |    23 ||    81
Invok: Heroism           |       |       |       |     3 ||     3
Evoke: Wand              |       |       |     1 |       ||     1
  Use: Scroll            |     1 |     5 |     9 |       ||    15
       Potion            |       |       |     3 |       ||     3
 Stab: Distracted        |       |     1 |     2 |       ||     3
       Sleeping          |       |       |     4 |     7 ||    11
       Held in net/web   |       |       |       |     1 ||     1
Armor: Leather armour    |     2 |       |       |       ||     2
       Ring mail         |    41 |    76 |   134 |    29 ||   280
Dodge: Dodged            |    74 |   140 |   271 |   111 ||   596
